 Dungeon Crawl Stone Soup version 0.19.5 (webtiles) character file.

42 Sonor the Caller (level 3, -4/19 HPs)
             Began as a Deep Elf Summoner on May 10, 2017.
             Slain by a sky beast (6 damage)
             ... on level 3 of the Dungeon.
             The game lasted 00:21:44 (2720 turns).

Sonor the Caller (Deep Elf Summoner)                Turns: 2720, Time: 00:21:45

Health: -4/19      AC:  3    Str:  5    XL:     3   Next: 35%
Magic:  9/9        EV: 13    Int: 20    God:
Gold:   65         SH:  0    Dex: 15    Spells: 2 memorised, 5 levels left

rFire  . . .     SeeInvis .     i - +0 dagger
rCold  . . .     Gourm    .     f - +0 leather armour
rNeg   . . .     Faith    .     (no shield)
rPois  .         Spirit   .     (no helmet)
rElec  .         Reflect  .     (no cloak)
rCorr  .         Harm     .     (no gloves)
MR     +....                    (no boots)
Stlth  ++........               (no amulet)
                                t - ring of protection from magic
                                p - +1 ring of evasion

@: no status effects
A: no striking features
a: no special abilities


You were on level 3 of the Dungeon.
You were hungry.

You visited 1 branch of the dungeon, and saw 3 of its levels.

You collected 65 gold pieces.

Inventory:

Hand Weapons
 d - a +0 dagger
 g - a +0 hand axe
 i - a +0 dagger (weapon)
 j - a +0 club
 m - a +0 dagger
 n - a +0 club
 r - a +0 club
 s - a +0 club
 x - a +0 club
 z - a +0 dagger
 A - a cursed -1 club
 B - a +0 club
Missiles
 y - 25 bolts
Armour
 a - a +0 robe
 f - a +0 leather armour (worn)
 u - a +0 robe
Jewellery
 p - a +1 ring of evasion (left hand)
 t - a ring of protection from magic (right hand)
Scrolls
 c - a scroll of enchant armour {unknown}
 o - 2 scrolls of identify {unknown}
 D - a scroll of amnesia {unknown}
 F - a scroll of enchant weapon {unknown}
Potions
 e - a potion of agility {unknown}
 h - a potion of degeneration {unknown}
 k - a potion of haste {unknown}
 l - a potion of heal wounds {unknown}
 q - a potion of lignification {unknown}
 v - a potion of curing {unknown}
 w - 2 potions of flight {unknown}
Books
 b - a book of Callings

   Spells                             Type                      Level
   a - Summon Small Mammal            Summoning                    1
   b - Call Imp                       Summoning                    2
   c - Call Canine Familiar           Summoning                    3
   d - Summon Guardian Golem          Hexes/Summoning              3
   e - Summon Lightning Spire         Summoning/Air                4
   f - Summon Ice Beast               Ice/Summoning                4
Comestibles
 E - a bread ration


   Skills:
 + Level 0.1 Fighting
 + Level 0.4 Short Blades
 + Level 0.7 Armour
 + Level 2.6 Dodging
 + Level 2.4 Stealth
 + Level 3.4 Spellcasting
 + Level 5.1 Summonings


You had 5 spell levels left.
You knew the following spells:

 Your Spells              Type           Power        Failure   Level  Hunger
a - Summon Small Mammal   Summ           ###.         2%          1    None
b - Call Imp              Summ           ###.....     4%          2    ##.....


Dungeon Overview and Level Annotations

Branches:
Dungeon (3/15)

Altars:
Dithmenos
Okawaru
Vehumet
Yredelemnul


Message History

The sky beast hits your crimson imp. The sky beast shocks your crimson imp.
The sky beast barely misses your crimson imp.
Your crimson imp hits the sky beast.
Your crimson imp closely misses the sky beast.
The sky beast barely misses your crimson imp.
Your crimson imp hits the sky beast.
The sky beast closely misses your crimson imp.
Your crimson imp hits the sky beast but does no damage.
The sky beast completely misses your crimson imp.
Your crimson imp hits the sky beast.
The sky beast flickers out of sight!
Deactivating autopickup; reactivate with Ctrl-A.
Something hits your crimson imp. Something shocks your crimson imp.
You swap places.
Something hits you. Something shocks you.
* * * LOW HITPOINT WARNING * * *
Press: ? - help, v - describe, . - travel The floor.
Something hits you.
* * * LOW HITPOINT WARNING * * *
Something shocks you.
You die...

####### #@{...#
#5###..... #.# ###
##### #.# ...# #.#
#######.####(###.#..
....................
#######.##...##..###
#.##.### .#


You could see a friendly crimson imp.

Vanquished Creatures
  An adder (D:1)
  3 goblins (D:1)
  2 hobgoblins
  A jackal (D:1)
  A quokka (D:2)
  A frilled lizard (D:2)
  A kobold (D:1)
  A rat (D:2)
11 creatures vanquished.

Vanquished Creatures (collateral kills)
  A dart slug (D:2)
  4 bats
  3 giant cockroaches (D:1)
  2 goblins (D:1)
  6 hobgoblins
  6 jackals
  3 kobolds
  A frilled lizard (D:1)
  2 rats
28 creatures vanquished.

Grand Total: 39 creatures vanquished

Notes
Turn   | Place    | Note
-------+----------+-------------------------------------------
     0 | D:1      | Sonor the Deep Elf Summoner began the quest for the Orb.
     0 | D:1      | Reached XP level 1. HP: 10/10 MP: 6/6
   625 | D:1      | Reached XP level 2. HP: 8/15 MP: 8/8
  1043 | D:1      | Learned a level 2 spell: Call Imp
  1198 | D:1      | Reached skill level 5 in Summonings
  1973 | D:2      | Reached XP level 3. HP: 9/19 MP: 3/9
  2252 | D:2      | Found a shadowy altar of Dithmenos.
  2421 | D:2      | Found a radiant altar of Vehumet.
  2423 | D:2      | Found an iron altar of Okawaru.
  2423 | D:2      | Found a basalt altar of Yredelemnul.
  2705 | D:3      | Noticed a sky beast
  2720 | D:3      | Slain by a sky beast

Skill      XL: |  1  2 |
---------------+-------+-----
Summonings     | 5 |  5.1
Fighting       | |  0.1
Short Blades   | |  0.4
Armour         | |  0.7
Dodging        | |  2.6
Stealth        | |  2.4
Spellcasting   | |  3.4

Action                   || total
-------------------------++-------
Melee: Dagger            ||   155
       Unarmed           ||     5
 Cast: Summon Small Mamm ||    13
       Call Imp          ||    14
 Stab: Distracted        ||     1
  Eat: Bread ration      ||     1
       Chunk             ||     1
Armor: Leather armour    ||    62
       Robe              ||     2
Dodge: Dodged            ||   155
